 Dungeon Crawl Stone Soup version 0.31-a0-196-g86fe4a5e66 (webtiles) character file.

Game seed: 13077558539286814295

55 innerfire43 the Cudgeller (level 3, -8/29 HPs)
             Began as a Demonspawn Monk on June 24, 2023.
             Was an Elder of Jiyva.
             Mangled by an orc
             ... wielding a +1 hand axe of electrocution
              (18 damage)
             ... on level 3 of the Dungeon.
             The game lasted 00:01:13 (1545 turns).

innerfire43 the Cudgeller (Demonspawn Monk)         Turns: 1545, Time: 00:01:16

Health: -8/29      AC:  2    Str: 13    XL:     3   Next: 67%
Magic:  3/3        EV: 18    Int: 11    God:    Jiyva [****..]
Gold:   88         SH:  0    Dex: 15    Spells: 2/2 levels left

rFire   . . .        a - +0 mace
rCold   + + +        d - orb {light}
rNeg    . . .        b - +0 robe
rPois   .            (no helmet)
rElec   .            (no cloak)
rCorr   +            (no gloves)
SInv    .            (no boots)
Will    .....        (no amulet)
Stlth   +            (no ring)
HPRegen 2.32/turn    (no ring)
MPRegen 0.48/turn

%: no passive effects
@: agile, glowing
A: powered by death 1, powered by pain 1, cold resistance 3, regeneration 1
a: Renounce Religion, Oozemancy, Slimify


You were on level 3 of the Dungeon.
You worshipped Jiyva.
Jiyva was greatly pleased with you.
You visited 1 branch of the dungeon, and saw 3 of its levels.

You collected 88 gold pieces.

Inventory:

Hand Weapons
 a - a +0 mace (weapon)
Armour
 b - a +0 robe (worn)
 d - an orb of light (worn)
Jewellery
 h - a ring of flight
Scrolls
 f - a scroll of identify {unknown}
 g - 2 scrolls of enchant weapon {unknown}
 i - a scroll of enchant armour {unknown}
 l - a scroll of immolation {unknown}
Potions
 c - a potion of ambrosia
 e - a potion of curing {unknown}
 j - a potion of haste {unknown}
 k - a potion of enlightenment {unknown}
 m - a potion of resistance {unknown}
 n - a potion of invisibility {unknown}


   Skills:
 + Level 3.5 Fighting
 * Level 3.5 Maces & Flails
 + Level 3.1 Dodging


You had 2 spell levels left.
You didn't know any spells.
Your spell library was empty.

Dungeon Overview and Level Annotations

Branches:
Dungeon (3/15)

Altars:
Jiyva


Innate Abilities, Weirdness & Mutations

You regenerate a little health from kills.
You sometimes gain a little power by taking damage.
Your flesh is almost immune to the effects of cold. (rC+++)
Your natural rate of healing is unusually fast.


Message History

You hear a distant slurping noise.
You can now turn your foes to slime.
No target in view!
No target in view!
You now have 88 gold pieces (gained 3).
You open the door.
An orc wizard and 3 orcs come into view.
An orc is wielding a +1 hand axe of electrocution.
The orc shouts! x2; The orc wizard shouts!
The orc shouts!
The orc moves out of view.
Found a stone staircase leading down.
An orc comes into view. It is wielding a +0 hand axe.
There is an open door here.
There are monsters nearby!
The orc shouts!
The orc hits you with a +0 falchion.
You barely miss the orc wizard. The orc wizard closely misses you.
The orc hits you with a +0 falchion!
You focus on the pain.
You feel agile all of a sudden. The orc closely misses you.
There are monsters nearby!
You hit the orc wizard.
The orc wizard is moderately wounded.
You hear a distant slurping noise.
The orc wizard misses you. The orc hits you with a +0 falchion.
The orc hits you but does no damage.
You hit the orc wizard.
The orc wizard is severely wounded.
You hear a distant slurping noise.
The orc wizard closely misses you. The orc misses you.
The orc hits you but does no damage. The orc misses you.
There are monsters nearby!
You sock the orc wizard!
You kill the orc wizard!
The orc misses you. The orc hits you with a +0 falchion! The orc misses you.
The orc hits you with a +0 club.
The orc hits you with a +1 hand axe of electrocution.
You are electrocuted!!
Ouch! That really hurt!
You die...

#.# #.# #.# . .#
#.#############..
..#..
#................
.....#
#.............#
.....#
#.#######...#.#
.....# #.#
#####'#+#+#..
.....###.#
#....@o......
.........#
#...o)o......
.........#
#......o.....
........##
#............
........#
#............
........#
#............
........+
............>
........#
######.#####..
........#


You could see 4 orcs.

Vanquished Creatures
  An orc wizard (D:3)
  Robin (D:3)
  4 ball pythons
  2 endoplasms (D:1)
  3 giant cockroaches
  11 goblins
  6 hobgoblins
  4 kobolds (D:1)
  4 bats
  5 frilled lizards
41 creatures vanquished.

Vanquished Creatures (others)
  3 gnolls (D:2)
  2 adders (D:2)
  2 worms (D:2)
  An orc (D:3)
  A ball python (D:2)
  2 endoplasms
  A giant cockroach (D:2)
  A hobgoblin (D:2)
  2 bats (D:2)
  A frilled lizard (D:2)
  A kobold (D:2)
  A rat (D:2)
18 creatures vanquished.

Grand Total: 59 creatures vanquished

Notes
Turn   | Place    | Note
-------+----------+-------------------------------------------
     0 | D:1      | innerfire43 the Demonspawn Monk began the quest for the
                  | Orb.
     0 | D:1      | Reached XP level 1. HP: 18/18 MP: 1/1
   162 | D:1      | Gained mutation: You regenerate a little health from kills.
                  | [demonic ancestry]
   162 | D:1      | Reached XP level 2. HP: 21/24 MP: 2/2
   350 | D:1      | Found a faded altar of an unknown god.
   422 | D:1      | Prayed at the altar of an unknown god.
   422 | D:1      | Became a worshipper of Jiyva Jiatz the Shapeless
   422 | D:1      | Reached * piety under Jiyva
   422 | D:1      | Reached ** piety under Jiyva
   751 | D:2      | Reached *** piety under Jiyva
   751 | D:2      | Gained mutation: Your flesh is cold resistant. (rC+)
                  | [Jiyva's grace]
   751 | D:2      | Gained mutation: Your flesh is very cold resistant. (rC++)
                  | [Jiyva's grace]
   751 | D:2      | Gained mutation: Your flesh is almost immune to the effects
                  | of cold. (rC+++) [Jiyva's grace]
   751 | D:2      | Gained mutation: Your natural rate of healing is unusually
                  | fast. [Jiyva's grace]
  1438 | D:3      | Gained mutation: You sometimes gain a little power by
                  | taking damage. [demonic ancestry]
  1438 | D:3      | Reached XP level 3. HP: 29/29 MP: 3/3
  1438 | D:3      | Noticed Robin
  1448 | D:3      | Killed Robin
  1526 | D:3      | Reached **** piety under Jiyva
  1545 | D:3      | Mangled by an orc

Illustrated notes

Levels and vault maps discovered:
D:1:      minmay_arrival_four_loops, layout_loops_ring,
          chequers_ecumenical_altar_simple_redux
D:2:      layout_loops_ring, chequers_serial_rivers_large_b
D:3:      layout_basic, chequers_avenue, uniq_crazy_yiuf_cottage, uniq_robin

Skill      XL: |  1  2 |
---------------+-------+-----
Maces & Flails | 3 |  3.5
Dodging        | 3 |  3.1
Fighting       | |  3.5

Action                     || total
---------------------------++-------
  Melee: Mace              ||    96
 Armour: Robe              ||    17
  Dodge: Dodged            ||    71

Table legend: (Time is in decaauts)
 A = Elapsed time spent in this place.
 B = Non-inter-level travel time spent in this place.
 C = Inter-level travel time spent in this place.
 D = Time resting spent in this place.
 E = Time spent auto-exploring this place.
 F = Levels seen in this place.
 G = Mean time per level.
                   A        B        C        D        E       F      G
               +--------+--------+--------+--------+--------+-----+--------+
         Total |   1615 |   1563 |     52 |      0 |   1335 |   3 |  538.3 |
       Dungeon |   1615 |   1563 |     52 |      0 |   1335 |   3 |  538.3 |
               +--------+--------+--------+--------+--------+-----+--------+

Top non-repeatable levels by time:
     D:2: 735 daAuts
     D:1: 721 daAuts
     D:3: 158 daAuts
